 Dungeon Crawl Stone Soup version 0.24.1-4-ge52af88ad5 (webtiles) character file.

Game seed: 7579954441707853322, levelgen mode: deterministic

259 Peloso the Covered (level 5, 0/47 HPs)
             Began as a Minotaur Fighter on Apr 12, 2020.
             Slain by Grinder (2 damage)
             ... on level 3 of the Dungeon.
             The game lasted 00:03:14 (2486 turns).

Peloso the Covered (Minotaur Fighter)               Turns: 2486, Time: 00:03:15

Health: 0/47       AC:  7    Str: 20    XL:     5   Next: 95%
Magic:  4/4        EV:  8    Int:  5    God:
Gold:   112        SH:  9    Dex: 11    Spells: 4/4 levels left

rFire    . . .     SeeInvis .   a - +0 long sword
rCold    . . .     Gourm    .   c - +0 shield
rNeg     . . .     Faith    .   b - +0 scale mail
rPois    .         Spirit   .   (helmet restricted)
rElec    .         Reflect  .   (no cloak)
rCorr    .         Harm     .   (no gloves)
MR       .....                  (no boots)
Stlth    ..........             (no amulet)
HPRegen  0.15/turn              (no ring)
MPRegen  0.09/turn              (no ring)

@: no status effects
A: retaliatory headbutt, horns 2
a: no special abilities


You were on level 3 of the Dungeon.
You were hungry.

You visited 1 branch of the dungeon, and saw 3 of its levels.

You collected 112 gold pieces.

Inventory:

Hand Weapons
 a - a +0 long sword (weapon)
Armour
 b - a +0 scale mail (worn)
 c - a +0 shield (worn)
Jewellery
 e - an uncursed ring of fire {unknown}
Scrolls
 g - a scroll of teleportation {unknown}
 i - 2 scrolls of identify {unknown}
 j - 3 scrolls of fog {unknown}
 l - a scroll of remove curse {unknown}
Potions
 d - a potion of might
 h - a potion of flight {unknown}
 k - a potion of mutation {unknown}
Comestibles
 f - 5 rations


   Skills:
 + Level 4.4 Fighting
 + Level 4.6 Long Blades
 + Level 5.0 Armour
 + Level 1.7 Dodging
 + Level 0.9 Stealth
 + Level 4.6 Shields


You had 4 spell levels left.
You didn't know any spells.
Your spell library was empty.

Dungeon Overview and Level Annotations

Branches:
Dungeon (3/15)

Altars:
Ashenzari
Cheibriados
Vehumet

Annotations:
D:3 Grinder


Innate Abilities, Weirdness & Mutations

You reflexively headbutt those who attack you in melee.
You have a pair of horns on your head.


Message History

The adder bites you but does no damage. Grinder hits you!
You writhe in agony.
* * * LOW HITPOINT WARNING * * *
The adder bites you but does no damage. Grinder hits you.
* * * LOW HITPOINT WARNING * * *
The adder bites you.
* * * LOW HITPOINT WARNING * * *
You can move again.
Unknown command.
Okay, then.
Unknown command.
You slash Grinder!
Grinder is heavily wounded.
Grinder hits you but does no damage. You block the adder's attack.
Unknown command.
You barely miss Grinder. You headbutt Grinder.
Grinder is severely wounded.
You block the adder's attack. Grinder hits you.
* * * LOW HITPOINT WARNING * * *
You writhe in agony.
You die...

# .# # .## .##
.# #.###..#
....###......###
......S@........
#######5..#####
#.### #.# #.#
#.#
##.###########
#............
#.####.....#


You could see Grinder and an adder.

Vanquished Creatures
  Sigmund (D:2)
  Terence (D:2)
  A worker ant zombie (D:2)
  3 adders (D:2)
  A leopard gecko (D:3)
  An orc (D:3)
  A ball python (D:2)
  A giant cockroach (D:1)
  5 goblins
  5 hobgoblins
  2 jackals (D:3)
  4 kobolds
  A quokka (D:2)
  8 bats
  2 frilled lizards (D:2)
  3 rats
40 creatures vanquished.

Vanquished Creatures (others)
  A bat (D:2)
  A kobold (D:2)
2 creatures vanquished.

Grand Total: 42 creatures vanquished

Notes
Turn   | Place    | Note
-------+----------+-------------------------------------------
     0 | D:1      | Peloso the Minotaur Fighter began the quest for the Orb.
     0 | D:1      | Reached XP level 1. HP: 19/19 MP: 0/0
   494 | D:1      | Reached XP level 2. HP: 27/27 MP: 1/1
   991 | D:2      | Found a snail-covered altar of Cheibriados.
  1121 | D:2      | Found a shattered altar of Ashenzari.
  1140 | D:2      | Reached skill level 4 in Armour
  1140 | D:2      | Reached XP level 3. HP: 32/33 MP: 2/2
  1316 | D:2      | Noticed Sigmund
  1329 | D:2      | Killed Sigmund
  1329 | D:2      | Reached skill level 1 in Dodging
  1329 | D:2      | Reached XP level 4. HP: 7/41 MP: 3/3
  1329 | D:2      | Reached XP level 5. HP: 8/47 MP: 4/4
  1665 | D:2      | Found a radiant altar of Vehumet.
  1700 | D:2      | Noticed Terence
  1708 | D:2      | Killed Terence
  1708 | D:2      | Reached skill level 5 in Armour
  2116 | D:3      | Found a faded altar of an unknown god.
  2471 | D:3      | Noticed Grinder
  2482 | D:3      | Paralysed by Grinder for 3 turns
  2486 | D:3      | HP: 2/47 [Grinder (6)]
  2486 | D:3      | Slain by Grinder

Levels and vault maps discovered:
D:1:      kennysheep_arrival_seaside, layout_loops_corners,
          chequers_serial_rivers_small_a, kennysheep_nondescript,
          minmay_misc_feat_square
D:2:      layout_basic, evilmike_ruin_ashenzari, fiery_altar_vehumet,
          cheibriados_altar_1, uniq_sigmund, uniq_terence
D:3:      layout_basic, nicolae_gozag_zags_fifth_avenue,
          chequers_ecumenical_altar_simple, minmay_pentomino_pile, uniq_grinder

Skill      XL: |  1  2  3  4  5 |
---------------+----------------+-----
Shields        | 4 |  4.6
Fighting       | 4 |  4.4
Armour         | 4 5 |  5.0
Long Blades    | 4 |  4.6
Dodging        | 1 |  1.7
Stealth        | |  0.9

Action                   |  1- 3 |  4- 6 || total
-------------------------+-------+-------++-------
Melee: Long sword        |    53 |    53 ||   106
       Headbutt          |     8 |    13 ||    21
  Use: Potion            |       |     1 ||     1
  Eat: Chunk             |       |     4 ||     4
Armor: Scale mail        |    24 |    24 ||    48
Dodge: Dodged            |    17 |    16 ||    33
Block: Shield            |    23 |    28 ||    51
       Rpst.: Long sword |     5 |     1 ||     6
